 Dungeon Crawl Stone Soup version 0.29.1-15-g9cfb28693d (webtiles) character file.

Game seed: 10204288714070902817

100200 LustLizard the Unseen (level 16, -6/107 HPs)
             Began as a Kobold Brigand on Mar 31, 2023.
             Was an Elder of Uskayaw.
             Mangled by an ettin
             ... wielding a +0 dire flail
              (22 damage)
             ... on level 14 of the Dungeon.
             The game lasted 01:04:31 (34264 turns).

LustLizard the Unseen (Kobold Brigand)             Turns: 34264, Time: 01:04:32

Health: -6/107     AC: 16    Str: 11    XL:     16   Next: 78%
Magic:  26/26      EV: 26    Int: 18    God:    Uskayaw [****..]
Gold:   702        SH:  9    Dex: 26    Spells: 13/15 levels left

rFire   . . .      SeeInvis .   U - +5 rapier (speed)
rCold   + . .      Faith    +   J - +2 buckler {AC+3}
rNeg    + + .      Spirit   .   s - +1 acid dragon scales of the Nine Coins {rPois rC+ rN+ rCorr Int+4}
rPois   +          Reflect  .   N - +2 hat
rElec   .          Harm     .   D - +2 cloak
rCorr   +          Rampage  .   r - +0 pair of gloves {Dex+3}
Will    +....                   (no boots)
Stlth   ++++++++..              j - amulet of Pride {Faith Str+3}
HPRegen 0.27/turn               l - +4 ring of slaying
MPRegen 0.20/turn               F - ring of positive energy

@: slowed, very slow
A: small, no large weapons, nightstalker 3
a: Renounce Religion, Stomp, Line Pass


You were on level 14 of the Dungeon.
You worshipped Uskayaw.
Uskayaw was pleased with you.
You visited 4 branches of the dungeon, and saw 22 of its levels.
You visited 1 bazaar.
You also visited: Ossuary and Ice Cave.

You collected 3237 gold pieces.
You spent 2535 gold pieces at shops.

Inventory:

Hand Weapons
 n - a +9 long sword of freezing
 z - the +2 scimitar of Revolt {vorpal, Fly Str+5}
   (You found it on level 5 of the Lair of Beasts)

   It inflicts extra damage upon your enemies.
   Str:       It affects your strength (+5).
   Fly:       It grants you flight.
 U - a +5 rapier of speed (weapon)
Missiles
 d - 26 poisoned darts (quivered)
 e - 5 curare-tipped darts
 u - 11 boomerangs
 S - a throwing net
Armour
 r - a +0 pair of gloves of dexterity (worn)
 s - the +1 acid dragon scales of the Nine Coins (worn) {rPois rC+ rN+ rCorr Int+4}
   (You bought it in a shop on level 11 of the Dungeon)

   Int:       It affects your intelligence (+4).
   rC:        It protects you from cold.
   rPois:     It protects you from poison.
   rN:        It protects you from negative energy.
   rCorr:     It protects you from acid and corrosion.
 D - a +2 cloak (worn)
 I - a scarf of repulsion
 J - a +2 buckler of protection (worn)
 N - a +2 hat (worn)
Jewellery
 a - an amulet of guardian spirit
 j - the amulet of Pride (around neck) {Faith Str+3}
   (You found it in an ice cave)

   [amulet of faith]

   It allows you to gain divine favour quickly.
   Str:       It affects your strength (+3).
 l - a +4 ring of slaying (left hand)
 F - a ring of positive energy (right hand)
 W - a ring of willpower
 X - a ring of protection from cold
 Y - a ring of resist corrosion
Wands
 k - a wand of paralysis (7)
 p - a wand of polymorph (14)
 A - a wand of flame (15)
 B - a wand of roots (14)
 H - a wand of mindburst (19)
 T - a wand of quicksilver (5)
 V - a wand of digging (10)
Scrolls
 g - 2 scrolls of brand weapon
 i - a scroll of silence
 m - 5 scrolls of enchant weapon
 v - a scroll of magic mapping
 w - 4 scrolls of immolation
 y - 9 scrolls of teleportation
 C - 2 scrolls of noise
 G - a scroll of butterflies
 M - a scroll of summoning
 R - 4 scrolls of poison
Potions
 c - 3 potions of heal wounds
 f - 2 potions of haste
 h - 4 potions of mutation
 o - 11 potions of curing
 q - 3 potions of invisibility
 t - 4 potions of berserk rage
 x - 4 potions of might
 K - 5 potions of flight
 L - 2 potions of resistance
 O - 3 potions of brilliance
 P - a potion of cancellation
 Q - a potion of ambrosia
Miscellaneous
 E - a phantom mirror
 Z - a box of beasts


   Skills:
 + Level 14.3 Fighting
 - Level 14.0(15.4) Short Blades
 - Level 7.0(9.2) Long Blades
 - Level 5.0 Throwing
 + Level 2.5 Armour
 + Level 13.8 Dodging
 + Level 16.9 Stealth
 + Level 2.6 Shields
 - Level 4.1 Translocations
 * Level 14.0 Invocations


You had 13 spell levels left.
You knew the following spells:

 Your Spells              Type           Power      Damage    Failure   Level
a - Blink                 Tloc           28%        N/A       14%         2

Your spell library contained the following spells:

 Spells                   Type           Power      Damage    Failure   Level
 Apportation              Tloc           28%        N/A       10%         1
 Magic Dart               Conj           0%         1d3       45%         1
 Necrotise                Necr           0%         1d4       45%         1
 Sting                    Tmut/Pois      0%         1d3       45%         1
 Poisonous Vapours        Pois/Air       0%         N/A       58%         2
 Searing Ray              Conj           0%         2d4       58%         2
 Passage of Golubria      Tloc           14%        N/A       67%         4
 Conjure Flame            Conj/Fire      0%         6-21      83%         3
 Dazzling Flash           Conj/Hex       0%         N/A       83%         3
 Ignite Poison            Fire/Tmut/Pois 0%         N/A       83%         3
 Vampiric Draining        Necr           0%         2d6       83%         3
 Iskenderun's Mystic Bla  Conj/Tloc      7%         2d4       91%         4
 Manifold Assault         Tloc           14%        N/A       95%         5
 Fulminant Prism          Conj/Hex       0%         3d6       99%         4
 Olgreb's Toxic Radiance  Pois           0%         N/A       99%         4
 Sticky Flame             Conj/Fire      0%         2d3       99%         4
 Agony                    Necr           0%         N/A       100%        5
 Alistair's Intoxication  Tmut/Pois      0%         N/A       100%        5
 Freezing Cloud           Conj/Ice/Air   0%         6-21      100%        5
 Silence                  Hex/Air        0%         N/A       100%        5
 Simulacrum               Ice/Necr       0%         N/A       100%        6
 Starburst                Conj/Fire      0%         6d3       100%        6
 Storm Form               Tmut/Air       0%         N/A       100%        7
 Lehudib's Crystal Spear  Conj/Erth      0%         10d2      100%        8
 Chain Lightning          Conj/Air       0%         N/A       100%        9
 Fire Storm               Conj/Fire      0%         5d1       100%        9
 Polar Vortex             Ice            0%         N/A       100%        9
 Shatter                  Erth           0%         3d5*      100%        9


Dungeon Overview and Level Annotations

Branches:
Dungeon (14/15)            Temple (1/1) D:7            Lair (5/5) D:11
 Shoals (0/4) Lair:2       Spider (0/4) Lair:2        Slime (0/5) Lair:4
    Orc (2/2) D:12            Elf (0/3) Orc:2       Ossuary (visited)
  IceCv (visited)
 Vaults: D:13-14

Altars:
Ashenzari
Cheibriados
Dithmenos
Elyvilon
Fedhas
Gozag
Hepliaklqana
Kikubaaqudgha
Makhleb
Nemelex Xobeh
Okawaru
Qazlal
Ru
Sif Muna
Trog
Uskayaw
Vehumet
Wu Jian
Xom
Yredelemnul
Zin
The Shining One
Jiyva

Shops:
D:11 [   D:12 *   D:13 *   Orc:2 =*[(

Annotations:
D:10 exclusion: 3 oklob plants
D:12 exclusion: 2 doors


Innate Abilities, Weirdness & Mutations

You are small and have problems with some larger weapons.
You are completely attuned to the shadows.


Message History

You barely miss something. Something hits you but does no damage.
You closely miss something. You block something's attack.
You hit something. You closely miss something. Something hits you!
You closely miss something. You hit something but do no damage.
Something hits you! Something drains your vigour!
You feel as though you will be slow longer.
The necromancer casts a spell.
The necromancer binds the souls of nearby monsters.
You puncture something! Something closely misses you.
Uskayaw will force your foes to helplessly watch your dance.
Uskayaw prepares the audience for your solo!
You puncture something! You hit something but do no damage.
You hit something but do no damage. You puncture something!
The ettin is no longer paralysed.
You hit something but do no damage. You puncture something!
Reactivating autopickup.
You feel a bit more experienced.
The necromancer is no longer paralysed.
You impale the ettin!!
The ettin is moderately wounded.
Uskayaw will force your foes to share their pain.
Uskayaw links your audience in an emotional bond!
You hit the ettin but do no damage.
The ettin is moderately wounded.
The ettin hits you with a +0 dire flail!
The ettin closely misses you.
You completely miss the ettin.
The ettin is moderately wounded.
The ettin misses you. The ettin completely misses you.
You barely miss the ettin.
The ettin is moderately wounded.
You hit the ettin but do no damage.
The ettin is moderately wounded.
The ettin hits you with a +0 dire flail!!!
* * * LOW HITPOINT WARNING * * *
The ettin hits you with a +0 dire flail!!
You die...

###############
.............#
.##...#####.#.# #
..........#.#.# ####
.#######..#.#.######...
#..#............
#..#........##.≈
.#####..#....... #.≈
..pC@...#....... #.≈
#########........ #[.
..........<.###.
####........###.
#........##..
#........'...
#........###.
#......†.# #.
#........# #.


You could see an ettin (soul bound, pain bonded) and a necromancer (pain
bonded).

Vanquished Creatures
  Gastronok (Lair:2)
  3 orc warlords
  An ettin (Orc:2)
  Josephine (D:12)
  Erolcha (D:10)
  5 boulder beetles
  A hydra (Lair:3)
  4 catoblepae (Lair:5)
  3 centaur warriors
  14 death yaks (Lair:5)
  3 two-headed ogres
  Urug (Lair:3)
  6 orc high priests
  Nergalle (D:11)
  A shadow wraith (D:14)
  A deep elf pyromancer (D:12)
  3 ugly things
  4 orc knights
  Pikel (D:7)
  7 orc sorcerers
  A cyclops (shapeshifter) (D:12)
  2 cyclopes
  3 manticores
  A black mamba (Lair:5)
  11 elephants
  Maurice (D:10)
  A torpor snail (Lair:5)
  3 ice statues (IceCv)
  3 unseen horrors
  16 cane toads
  Maggie (D:7)
  5 unseen horror zombies (D:9)
  10 komodo dragons
  2 rime drakes
  A freezing wraith (IceCv)
  10 trolls
  A wolf spider simulacrum (D:12)
  10 blink frogs
  4 polar bears
  7 dream sheep (Lair:5)
  2 centaur simulacra
  2 water elementals (D:12)
  67 yaks
  4 shadows
  6 wraiths
  A basilisk (Lair:1)
  7 vampire mosquitoes
  2 steam dragons
  A death yak simulacrum (IceCv)
  6 wargs
  A redback (Lair:2)
  Edmund (D:7)
  An acid dragon (D:11)
  A harpy simulacrum (IceCv)
  10 water moccasins
  A floating eye (D:10)
  15 two-headed ogre zombies
  A hydra simulacrum (IceCv)
  A hornet zombie (D:9)
  4 ice beasts
  29 orc warriors
  2 black bears
  12 ogres
  29 wolves
  11 centaurs
  A lemure (D:7)
  2 phantoms
  Blork the orc (D:5)
  2 kobold brigands
  13 bullfrogs
  A gnoll sergeant (D:5)
  A cane toad simulacrum (IceCv)
  8 scorpions
  14 wights
  2 elephant simulacra (IceCv)
  15 killer bees
  10 howler monkeys
  5 electric eels
  3 lava snakes (Lair:1)
  19 orc priests
  A hound (D:4)
  3 centaur zombies
  A jelly (D:7)
  5 iguanas
  Crazy Yiuf (D:6)
  18 orc wizards
  11 hell rats
  A polar bear simulacrum (IceCv)
  3 wolf simulacra (IceCv)
  A killer bee zombie (D:9)
  7 ogre zombies (D:12)
  A boggart simulacrum (D:12)
  8 mummies (Ossuary)
  A howler monkey zombie (D:10)
  18 gnolls
  8 adders
  A howler monkey skeleton (D:10)
  10 river rats (Lair:4)
  A shadow imp (D:6)
  16 white imps
  3 ufetubi
  4 worms
  2 dart slugs
  68 orcs
  5 bats
  8 endoplasms
  5 giant cockroaches
  8 hobgoblins
  4 jackals
  20 kobolds
  4 quokkas
  6 ball pythons
  2 frilled lizards
  13 goblins
  2 goblin skeletons (D:12)
  4 goblin zombies (D:12)
  6 hobgoblin zombies
  3 kobold zombies (Ossuary)
  4 orc skeletons (D:12)
  14 orc zombies
  7 rats
777 creatures vanquished.

Vanquished Creatures (collateral kills)
  A hydra (Lair:5)
  A black mamba (Lair:5)
  2 yaks (Lair:5)
  A water moccasin (Lair:5)
  4 wolves (Lair:5)
  A hell rat (Lair:5)
10 creatures vanquished.

Vanquished Creatures (others)
  An orc warrior (Orc:2)
  2 orc wizards (Orc:2)
  A bush (Lair:5)
  27 fungi
  37 plants
68 creatures vanquished.

Grand Total: 855 creatures vanquished

Notes
Turn   | Place    | Note
-------+----------+-------------------------------------------
     0 | D:1      | LustLizard the Kobold Brigand began the quest for the Orb.
     0 | D:1      | Reached XP level 1. HP: 12/12 MP: 1/1
   191 | D:1      | Reached XP level 2. HP: 17/17 MP: 2/2
   772 | D:1      | Reached XP level 3. HP: 11/22 MP: 3/3
  1925 | D:2      | Reached XP level 4. HP: 27/27 MP: 4/4
  2512 | D:3      | Found a faded altar of an unknown god.
  2768 | D:3      | Reached XP level 5. HP: 32/32 MP: 5/5
  3388 | D:3      | Reached skill level 6 in Stealth
  3486 | D:3      | HP: 1/32 [gnoll/+0 halberd (12)]
  4018 | D:4      | Reached XP level 6. HP: 37/37 MP: 6/6
  4140 | D:4      | Reached skill level 5 in Short Blades
  4715 | D:4      | You fall into a shaft and drop 2 floors!
  4767 | D:6      | Reached XP level 7. HP: 19/42 MP: 7/7
  4976 | D:5      | Entered Level 5 of the Dungeon
  5348 | D:5      | Noticed Blork the orc
  5412 | D:5      | Reached skill level 7 in Stealth
  5961 | D:5      | Reached XP level 8. HP: 47/48 MP: 8/8
  5975 | D:5      | Killed Blork the orc
  6202 | D:5      | Noticed Edmund
  7992 | D:5      | Found a snail-covered altar of Cheibriados.
  8157 | D:6      | Found a shimmering altar of Xom.
  8159 | D:6      | Found a radiant altar of Vehumet.
  8164 | D:6      | Found a blossoming altar of Fedhas.
  8400 | D:6      | Found a runed translucent door.
  8403 | D:6      | Noticed Crazy Yiuf
  8408 | D:6      | Killed Crazy Yiuf
  8409 | D:6      | Reached skill level 8 in Stealth
  8536 | D:6      | Reached skill level 5 in Throwing
  8536 | D:6      | Reached skill level 5 in Dodging
  8543 | D:6      | Reached skill level 5 in Fighting
  8543 | D:6      | Reached XP level 9. HP: 54/54 MP: 9/9
  9353 | D:7      | Noticed Pikel
  9358 | D:7      | Killed Pikel
  9359 | D:7      | Reached skill level 9 in Stealth
  9359 | D:7      | Found a staircase to the Ecumenical Temple.
  9406 | Temple   | Entered the Ecumenical Temple
  9812 | D:7      | Reached skill level 10 in Short Blades
  9824 | D:7      | Noticed Maggie
  9845 | D:7      | Killed Maggie
 10215 | D:7      | Killed Edmund
 10216 | D:7      | Reached XP level 10. HP: 48/61 MP: 10/10
 10914 | D:8      | Reached skill level 10 in Stealth
 10961 | D:8      | Found a sand-covered staircase.
 11131 | Ossuary  | Entered an ossuary
 11895 | D:8      | Found an opulent altar of Gozag.
 11900 | D:8      | Found a glowing golden altar of the Shining One.
 11902 | D:8      | Found a basalt altar of Yredelemnul.
 11903 | D:8      | Found a broken altar of Ashenzari.
 11908 | D:8      | Found a shimmering blue altar of Sif Muna.
 12049 | D:8      | Found an ornate altar of the Wu Jian Council.
 12521 | D:9      | Reached XP level 11. HP: 57/67 MP: 11/11
 12525 | D:9      | Reached skill level 11 in Stealth
 13008 | D:9      | Noticed a two-headed ogre
 13047 | D:9      | Killed a two-headed ogre
 13233 | D:10     | Entered Level 10 of the Dungeon
 13233 | D:10     | Noticed Maurice
 13236 | D:10     | Killed Maurice
 13348 | D:10     | Noticed an oklob plant
 13356 | D:10     | Noticed an oklob plant
 13420 | D:10     | Noticed an oklob plant
 13521 | D:10     | Learned a level 2 spell: Blink
 13799 | D:10     | Noticed Erolcha
 13873 | D:10     | Killed Erolcha
 13874 | D:10     | Reached skill level 12 in Stealth
 13874 | D:10     | Reached skill level 1 in Translocations
 13995 | D:10     | Found a stormy altar of Qazlal.
 14553 | D:10     | Found a hide-covered altar of Uskayaw.
 14575 | D:10     | Became a worshipper of Uskayaw the Reveller
 14576 | D:10     | Reached XP level 12. HP: 75/75 MP: 11/19
 14663 | D:10     | Reached * piety under Uskayaw
 14667 | D:10     | Reached ** piety under Uskayaw
 14993 | D:11     | Reached XP level 13. HP: 80/80 MP: 20/20
 15023 | D:11     | Found Zeus's Dragon-Slaying Spoils.
 15028 | D:11     | Bought the +1 acid dragon scales of the Nine Coins {rPois
                  | rC+ rN+ rCorr Int+4} for 833 gold pieces
 15085 | D:11     | Reached *** piety under Uskayaw
 15090 | D:11     | Reached **** piety under Uskayaw
 15123 | D:11     | Reached ***** piety under Uskayaw
 15348 | D:11     | Found a staircase to the Lair.
 15359 | D:11     | Reached skill level 10 in Dodging
 15475 | D:11     | Reached skill level 13 in Stealth
 15703 | D:11     | Noticed Nergalle
 15706 | D:11     | Killed Nergalle
 15942 | D:11     | Found a shimmering blue altar of Sif Muna.
 16145 | D:12     | Noticed Josephine
 16168 | D:12     | Killed Josephine
 16169 | D:12     | Reached skill level 10 in Fighting
 16379 | D:12     | Reached skill level 14 in Stealth
 16731 | D:12     | Found a staircase to the Orcish Mines.
 16754 | D:12     | Reached ****** piety under Uskayaw
 17155 | D:12     | Found Taroah's CLEARANCE SALE!.
 17282 | D:12     | Noticed a six-headed hydra
 18116 | Lair:1   | Entered Level 1 of the Lair of Beasts
 18187 | Lair:1   | Found a frozen archway.
 18318 | IceCv    | Entered an ice cave
 19359 | IceCv    | Reached skill level 15 in Stealth
 19359 | IceCv    | Reached XP level 14. HP: 90/90 MP: 21/21
 19436 | IceCv    | Identified the amulet of Pride {Faith Str+3}
 21162 | Lair:2   | Identified the +1 leather armour of the Armoured One
                  | {Rampage rElec Will-}
 21632 | Lair:2   | Reached skill level 16 in Stealth
 21735 | Lair:2   | Found a staircase to the Shoals.
 21768 | Lair:2   | Noticed Gastronok
 21785 | Lair:2   | Killed Gastronok
 21877 | Lair:2   | Found a hole to the Spider Nest.
 22601 | Lair:3   | Identified a scroll of acquirement
 22603 | Lair:3   | Acquired a +0 buckler of protection
 22690 | Lair:3   | Noticed Urug
 22694 | Lair:3   | Killed Urug
 22820 | Lair:3   | Reached skill level 1 in Long Blades
 23906 | Lair:4   | Reached skill level 10 in Invocations
 24091 | Lair:4   | Found a staircase to the Slime Pits.
 24091 | Lair:4   | Found a viscous altar of Jiyva.
 24926 | Lair:5   | Entered Level 5 of the Lair of Beasts
 24980 | Lair:5   | Reached XP level 15. HP: 73/97 MP: 22/22
 26223 | Lair:5   | Reached skill level 5 in Long Blades
 27947 | Lair:5   | Identified the +2 scimitar of Revolt {vorpal, Fly Str+5}
 28560 | Orc:1    | Entered Level 1 of the Orcish Mines
 28792 | Orc:1    | Reached XP level 16. HP: 72/105 MP: 19/25
 30224 | Orc:2    | Entered Level 2 of the Orcish Mines
 30399 | Orc:2    | Reached skill level 1 in Shields
 30406 | Orc:2    | Found a staircase to the Elven Halls.
 30412 | Orc:2    | Found a flickering gateway to a bazaar.
 30429 | Bazaar   | Entered a bazaar
 30431 | Bazaar   | Found Neskimiu's Book Shoppe.
 30449 | Bazaar   | Found Suacwim's Jewellery Shoppe.
 30454 | Bazaar   | Found Uneugat's Book Boutique.
 30457 | Bazaar   | Found Ejugyrra's Antique Weapon Shop.
 30610 | Orc:2    | Reached skill level 1 in Armour
 32061 | Orc:2    | Found Kuawir's Antique Armour Boutique.
 32061 | Orc:2    | Found Piotokk's Antique Weapon Shop.
 32070 | Orc:2    | Found Nueck's General Store.
 32071 | Orc:2    | Found Dasije's Jewellery Boutique.
 32075 | Orc:2    | Bought a scroll of teleportation for 42 gold pieces
 32076 | Orc:2    | Bought a ring of protection from cold for 400 gold pieces
 32076 | Orc:2    | Bought a ring of willpower for 400 gold pieces
 32171 | Orc:2    | Bought a glowing rapier for 196 gold pieces
 32288 | Orc:2    | Bought a scarf of invisibility for 168 gold pieces
 32298 | Orc:2    | Bought a pair of glowing gloves for 240 gold pieces
 32298 | Orc:2    | Bought a runed scarf for 256 gold pieces
 33553 | D:13     | Found Zeargh's Gadget Gallery.
 34264 | D:14     | Mangled by an ettin

Illustrated notes

Levels and vault maps discovered:
D:1:      nagdon_arrival_double_spiral, layout_loops_cross, st_stairs_4
D:2:      layout_basic, serial_park_tiny_2, st_stairs_4, kennysheep_nub
D:3:      minmay_bubble_buster, layout_loops_ring,
          shapermc_ecumenical_altar_ellora
D:4:      layout_loops_ring, serial_glass, glass_columns_b, glass_columns_c,
          kennysheep_generic_room_8
D:5:      layout_rooms, cheibrodos_worm_habitat, uniq_edmund, uniq_blork_the_orc
D:6:      layout_loops_ring, grunt_temple_overflow_open, uniq_crazy_yiuf_cottage
D:7:      layout_loops_corners, minmay_temple_entry_stoned_glass, minivault_23,
          uniq_pikel, uniq_maggie
D:8:      layout_basic, nicolae_overflow_crystal_walls,
          chequers_temple_overflow_minitemple, chequers_ossuary_entry_cave,
          minivault_11
D:9:      layout_basic, serial_undead, serial_undead_b, serial_undead_d,
          serial_undead_e, serial_undead_c
D:10:     layout_basic, kennysheep_mini_moat, nicolae_uskayaw_dance_hall,
          hangedman_weighted_door, disabler_island, uniq_erolcha, uniq_maurice
D:11:     layout_roguey, grunt_lair_entry_orc_guard_hut, st_stairs_11,
          nicolae_shop_dragon_depot, led_sif_pool, uniq_nergalle
D:12:     layout_roguey, zombieorc2_lemuel, serial_ice, serial_ice_l,
          serial_ice_a, serial_ice_m, serial_ice_g, serial_ice_b, serial_ice_f,
          nicolae_shop_clearance, uniq_josephine
D:13:     layout_loops_corners, nicolae_shop_gadgets
D:14:     layout_roguey, david_vaults_4, gauntlet_entry_generic,
          nicolae_lava_and_water, serial_shops, shop, minmay_alternating_orb,
          uniq_louise
Temple:   nicolae_temple_ecumenical_triangle
Lair:1:   layout_gridlike, portal_ice_cave_entry_imps,
          nicolae_lair_liquid_snakes
Lair:2:   layout_regular_city, minmay_shoals_entry_centaurs,
          spider_nest_entry_webs, infiniplex_staircase_pool_2, uniq_gastronok
Lair:3:   layout_gridlike, uniq_urug
Lair:4:   layout_regular_city, slime_entry_1, kennysheep_rathole
Lair:5:   evilmike_catoblepas_cave, layout_misc_corridors, serial_bayou_shore_a,
          grunt_megastairs_2, lemuel_fruit_fields
Orc:1:    lemuel_ogre_cave, layout_caves, basic_altar
Orc:2:    st_orc_congregation, layout_diamond_mine, serial_shops, bzr_entry_gold

Skill      XL: |  1  2  3  4  5  6  7  8  9 10 11 12 13 14 15 16 |
---------------+-------------------------------------------------+-----
Short Blades   | 3 4 5 6 8 10 12 14 | 14.0
Dodging        | 2 3 4 5 6 8 9 11 13 | 13.8
Throwing       | 3 4 5 |  5.0
Fighting       | 3 4 5 6 7 8 9 11 12 13 14 | 14.3
Stealth        | 6 7 8 9 10 12 15 16 | 16.9
Translocations | 2 3 4 |  4.1
Invocations    | 9 10 12 14 | 14.0
Long Blades    | 3 6 7 |  7.0
Shields        | 2 |  2.6
Armour         | 2 |  2.5

Action                   |  1- 3 |  4- 6 |  7- 9 | 10-12 | 13-15 | 16-18 || total
-------------------------+-------+-------+-------+-------+-------+-------++-------
Melee: Dagger            |    82 |   121 |   199 |    32 |       |       ||   434
       Punch             |       |     1 |     2 |     1 |    13 |       ||    17
       Short sword       |       |       |       |   374 |  1577 |   575 ||  2526
       Rapier            |       |       |       |       |       |    87 ||    87
Throw: Dart              |       |    14 |    32 |    13 |     3 |    17 ||    79
       Boomerang         |       |       |     3 |       |     3 |       ||     6
       Stone             |       |       |       |     4 |       |       ||     4
Invok: Stomp             |       |       |       |       |    34 |    27 ||    61
       Line Pass         |       |       |       |       |     2 |     1 ||     3
       Grand Finale      |       |       |       |       |       |     1 ||     1
Evoke: Wand              |       |       |     2 |       |     3 |    26 ||    31
       Phantom mirror    |       |       |       |       |     2 |       ||     2
  Use: Scroll            |     1 |     4 |     9 |     8 |    14 |    10 ||    46
       Potion            |       |       |     1 |     1 |     3 |     2 ||     7
 Stab: Sleeping          |    21 |    21 |    19 |    31 |    63 |    13 ||   168
       Distracted        |       |     1 |     2 |     2 |    13 |     2 ||    20
       Paralysed         |       |       |       |       |    83 |    33 ||   116
       Confused          |       |       |       |       |     1 |       ||     1
Armor: Robe              |    10 |    13 |     5 |       |       |       ||    28
       Acid dragon scale |       |       |     2 |    46 |   175 |    59 ||   282
Dodge: Dodged            |    44 |    83 |    81 |   212 |   743 |   283 ||  1446
Block: Buckler           |       |       |       |       |   151 |   109 ||   260
